 Dungeon Crawl Stone Soup version 0.26-a0-58-g79b31b8 (webtiles) character file.

Game seed: 7077819837050894097

60 AtlasWard the Grave Robber (level 3, 0/20 HPs)
             Began as a Vampire Necromancer on June 8, 2020.
             Slain by a rat (3 damage)
             ... on level 2 of the Dungeon.
             The game lasted 00:03:25 (1870 turns).

AtlasWard the Grave Robber (Vampire Necromancer)    Turns: 1870, Time: 00:03:26

Health: 0/20       AC:  2    Str:  8    XL:     3   Next: 82%
Magic:  1/6        EV: 12    Int: 17    God:
Gold:   28         SH:  0    Dex: 14    Spells: 4/6 levels left

rFire    . . .     SeeInvis +   b - +0 dagger
rCold    + + .     Gourm    .   (no shield)
rNeg     + + +     Faith    .   a - +0 robe
rPois    ∞         Spirit   .   (no helmet)
rElec    .         Reflect  .   (no cloak)
rCorr    .         Harm     .   (no gloves)
MR       .....                  (no boots)
Stlth    +++++.....             (no amulet)
HPRegen  0.00/turn              (no ring)
MPRegen  0.10/turn              (no ring)

@: very slightly contaminated, bloodless
A: no food, fangs 3, see invisible, unbreathing
a: Bat Form, Revivify


You were on level 2 of the Dungeon.
You were bloodless.

You visited 1 branch of the dungeon, and saw 2 of its levels.

You collected 28 gold pieces.

Inventory:

Hand Weapons
 b - a +0 dagger (weapon)
Armour
 a - a +0 robe (worn)
Scrolls
 e - a scroll of enchant weapon {unknown}
Potions
 c - a potion of curing {unknown}
 d - 2 potions of heal wounds {unknown}
 f - a potion of haste
 g - a potion of ambrosia {unknown}


   Skills:
 + Level 1.6 Fighting
 - Level 2.1 Dodging
 + Level 4.5 Stealth
 - Level 2.0 Spellcasting
 + Level 5.0 Necromancy


You had 4 spell levels left.
You knew the following spells:

 Your Spells              Type           Power        Failure   Level  Hunger
a - Pain                  Necr           ###.         2%          1    N/A
b - Animate Skeleton      Necr           N/A          2%          1    N/A

Your spell library contained the following spells:

 Spells                   Type           Power        Failure   Level  Hunger
 Vampiric Draining        Necr           ###.......   8%          3    N/A
 Animate Dead             Necr           N/A          24%         4    N/A
 Agony                    Necr           ###.....     56%         5    N/A

Dungeon Overview and Level Annotations

Branches:
Dungeon (2/15)

Altars:


Innate Abilities, Weirdness & Mutations

You do not eat.
You do not regenerate when monsters are visible.
You are frail without blood (-20% HP).
You can heal yourself when you bite living creatures.
You are immune to poison.
You have razor-sharp teeth.
You have supernaturally acute eyesight. (SInv)
You can survive without breathing.


Message History

The gnoll hits you. The rat bites you.
You closely miss the gnoll.
The gnoll is almost dead.
The gnoll hits you.
* * * LOW HITPOINT WARNING * * *
The rat bites you.
* * * LOW HITPOINT WARNING * * *
Casting: Pain (safe; 2% risk of failure)
Confirm with . or Enter, or press ? or * to list all spells.
Aiming: Pain (safe; 2% risk of failure)
Press: ? - help, Shift-Dir - straight line, f/p - gnoll
Aim: a gnoll (almost dead, chance to defeat MR: 84%)
The gnoll writhes in agony.
You kill the gnoll!
Your Necromancy skill increases to level 5!
The rat bites you.
* * * LOW HITPOINT WARNING * * *
The rat closely misses you. The rat bites you.
You die...

#### ...# ####
############### #
#.............# #
####.####<######.# #
#..#.##..........# ###
#..#.#.........#.#
..######......<.@.....# #
..%%............r)...>#.#
#.######........r.###.#.#
#.# ####.#...........#
#.# #....)....#.##### ...
#.##...##.......# ...
#.##...##.#.###.# ....
#.##...##.#.# ....
#...##.).#


You could see 2 rats.

Vanquished Creatures
  2 gnolls (D:2)
  A worm (D:2)
  A leopard gecko (D:2)
  4 bats
  2 goblins (D:1)
  4 hobgoblins
  5 kobolds
  A ball python (D:2)
  2 frilled lizards
  5 rats
27 creatures vanquished.

Vanquished Creatures (collateral kills)
  A gnoll (D:2)
  A kobold (D:1)
2 creatures vanquished.

Grand Total: 29 creatures vanquished

Notes
Turn   | Place    | Note
-------+----------+-------------------------------------------
     0 | D:1      | AtlasWard the Vampire Necromancer began the quest for the
                  | Orb.
     0 | D:1      | Reached XP level 1. HP: 13/13 MP: 3/3
    55 | D:1      | Learned a level 1 spell: Animate Skeleton
   381 | D:1      | Reached XP level 2. HP: 15/20 MP: 5/5
   819 | D:2      | Reached skill level 1 in Fighting
   935 | D:2      | Reached XP level 3. HP: 4/20 MP: 2/6
  1864 | D:2      | Reached skill level 5 in Necromancy
  1870 | D:2      | Slain by a rat

Illustrated notes

Levels and vault maps discovered:
D:1:      wheals_arrival_shading, layout_loops_ring
D:2:      layout_basic, nicolae_qazlal_style_of_elements, chequers_jeans,
          grunt_gozag_breadcrumbs

Skill      XL: |  1  2  3 |
---------------+----------+-----
Fighting       | 1 |  1.6
Stealth        | 4 |  4.5
Necromancy     | 5 |  5.0
Dodging        | |  2.1
Spellcasting   | |  2.0

Action                   || total
-------------------------++-------
Melee: Dagger            ||   122
       Bite              ||    10
 Cast: Pain              ||    27
       Animate Skeleton  ||     4
 Abil: Exsanguinate      ||     1
 Stab: Sleeping          ||     6
Armor: Robe              ||    38
Dodge: Dodged            ||   109

Table legend:
 A = Non-vault XP
 B = Vault XP
 C = Vault XP percentage of total XP
 D = Non-vault monster count
 E = Vault monster count
 F = Vault count percentage of total count
                 A         B        C        D         E       F
            +---------+---------+-------+---------+---------+-------
      Total |      87 |       0 |   0.0 |      29 |       0 |   0.0
            +---------+---------+-------+---------+---------+-------
        D:1 |      24 |       0 |   0.0 |      15 |       0 |   0.0
        D:2 |      63 |       0 |   0.0 |      14 |       0 |   0.0
            +---------+---------+-------+---------+---------+-------
